Map: Beladona LE

Players

RastaMon

  • Race: Protoss Protoss
  • League: Diamond
  • Spawn Location: 5:00

LowLinK - Winner!

  • Race: Protoss Protoss
  • League: Diamond
  • Spawn Location: 11:00

VOD

Have the link to the VOD?

Description

Time

  • Played on: Feb. 16, 2020, 1:42 p.m.
  • Length: 5:55
Show
View Real Time Build Order
Export as new Build Order

RastaMon Protoss 

Build Orders:  

Get SALT Encoding   

  12  0:01  Probe  
  13  0:13  Probe  
  14  0:18  Pylon  
  14  0:25  Probe (Chrono Boost)  
  15  0:38  Probe (Chrono Boost)  
  15  0:42  Forge  
  16  0:46  Probe (Chrono Boost)  
  17  0:56  Pylon  
  17  0:58  Probe  
  18  1:10  Probe  
  19  1:15  Gateway  
  19  1:20  Assimilator  
  19  1:30  Photon Cannon  
  19  1:36  Probe  
  20  1:46  Pylon  
  20  1:47  Photon Cannon  
  19  1:54  Probe (Chrono Boost)  
  20  2:01  Assimilator  
  20  2:06  Probe (Chrono Boost), Cybernetics Core  
  21  2:29  Photon Cannon  
  21  2:37  Probe (Chrono Boost)  
  21  2:41  Pylon  
  22  2:47  Robotics Facility  
  22  2:49  Probe (Chrono Boost)  
  23  2:58  Stalker (Chrono Boost)  
  25  3:25  Stalker (Chrono Boost)  
  27  3:34  Immortal  
  31  3:44  Nexus  
  31  3:52  Stalker  
  33  4:10  Probe  
  34  4:22  Probe  
  27  4:51  Stalker  
  29  4:58  Probe (Chrono Boost)  
  30  5:05  Robotics Facility  
  30  5:15  Pylon  
  30  5:21  Stalker  
  32  5:32  Probe  
  33  5:37  Gateway  
  33  5:39  Shield Battery  
  33  5:41  Shield Battery  
Show
View Real Time Build Order
Export as new Build Order

LowLinK Protoss - Winner!

Build Orders:  

Get SALT Encoding   

  12  0:01  Probe  
  13  0:13  Probe  
  14  0:19  Pylon  
  14  0:26  Probe  
  15  0:38  Probe (Chrono Boost)  
  15  0:40  Gateway  
  16  0:44  Assimilator  
  17  0:50  Probe (Chrono Boost)  
  17  0:57  Probe (Chrono Boost), Assimilator  
  18  1:04  Probe  
  19  1:17  Probe  
  20  1:29  Probe  
  20  1:30  Cybernetics Core  
  21  1:41  Probe  
  22  1:56  Probe  
  22  2:05  Gateway  
  22  2:12  Pylon  
  22  2:13  Warp Gate (Chrono Boost)  
  22  2:15  Gateway  
  22  2:22  Pylon  
  22  2:44  Pylon  
  22  2:54  Robotics Facility  
  22  3:02  Stalker  
  22  3:03  Pylon  
  24  3:09  Gateway  
  24  3:11  Gateway  
  24  3:42  Immortal  
  24  3:47  Stalker  
  24  3:48  Stalker  
  32  4:08  Stalker x2  
  30  4:32  Stalker x2  
  30  4:33  Stalker x2  
  36  4:57  Pylon  
  36  5:00  Pylon  
  36  5:11  Probe  
  37  5:17  Immortal (Chrono Boost)  
  41  5:23  Stalker x4  
  49  5:42  Pylon  
Tags
 
Add a new tag
Caveats
  • Supply blocks, unpowered buildings, or Contaminate may cause inaccurate times.
  • Supply counts are checked every 10 seconds.